 Dungeon Crawl Stone Soup version 0.30-a0-122-g2a1322497e (webtiles) character file.

Game seed: 16710562860540688755

12373 kae the Arsonist (level 11, -16/64 HPs)
             Began as a Deep Elf Fire Elementalist on Sept 14, 2022.
             Was a Priest of Ru.
             Demolished by Rupert
             ... wielding a +4 vorpal battleaxe
              (48 damage)
             ... on level 12 of the Dungeon on Sept 15, 2022.
             The game lasted 00:14:21 (17593 turns).

kae the Arsonist (Deep Elf Fire Elementalist)      Turns: 17593, Time: 00:14:21

Health: -16/64     AC:  6    Str: 11    XL:     11   Next: 61%
Magic:  6/27       EV: 12    Int: 25    God:    Ru [***...]
Gold:   553        SH:  0    Dex: 15    Spells: 12/31 levels left

rFire   . . .      SeeInvis .    l - +1 falchion (freeze)
rCold   . . .      Faith    .    (no shield)
rNeg    . . .      Spirit   .    B - +1 steam dragon scales
rPois   .          Reflect  .    (no helmet)
rElec   .          Harm     .    (no cloak)
rCorr   .          Rampage  .    (no gloves)
Will    +....                    (no boots)
Stlth   ++........               (no amulet)
HPRegen 0.20/turn                S - +6 ring of strength
MPRegen 0.20/turn                (no ring)

@: about to teleport, unable to drink
A: inability to drink after injury 2, hated by all
a: Renounce Religion, Draw Out Power


You were on level 12 of the Dungeon.
You worshipped Ru.
Ru was most pleased with you.
You visited 2 branches of the dungeon, and saw 13 of its levels.

You collected 686 gold pieces.
You spent 133 gold pieces at shops.


Innate Abilities, Weirdness & Mutations

You sometimes lose the ability to drink potions when taking damage.
You are hated by all.


   Skills:
 + Level 6.0 Fighting
 - Level 2.4 Dodging
 - Level 2.4 Stealth
 + Level 10.5 Spellcasting
 * Level 12.0 Conjurations
 * Level 12.3 Fire Magic


You had 12 spell levels left.
You knew the following spells:

 Your Spells              Type           Power      Damage    Failure   Level
a - Foxfire               Conj/Fire      100%       2x1d9     1%          1
b - Scorch                Fire           100%       2d10      1%          2
c - Inner Flame           Hex/Fire       44%        N/A       1%          3
d - Kindle Blastsparks    Fire/Tloc/Air  66%        2d15      2%          3
e - Flame Wave            Conj/Fire      65%        2d15      1%          4
f - Mephitic Cloud        Conj/Pois/Air  33%        N/A       2%          3
g - Ignite Poison         Fire/Tmut/Pois 33%        N/A       2%          3

Your spell library contained the following spells:

 Spells                   Type           Power      Damage    Failure   Level
 Apportation              Tloc           26%        N/A       4%          1
 Necrotise                Necr           52%        1d6       4%          1
 Gell's Gravitas          Tloc           13%        N/A       14%         3
 Lesser Beckoning         Tloc           13%        N/A       14%         3
 Portal Projectile        Hex/Tloc       26%        N/A       14%         3
 Teleport Other           Tloc           13%        N/A       14%         3
 Vampiric Draining        Necr           13%        2d6       14%         3
 Freezing Cloud           Conj/Ice/Air   16%        6-21      26%         5
 Leda's Liquefaction      Hex/Erth       6%         N/A       43%         4
 Agony                    Necr           13%        N/A       78%         5
 Eringya's Noxious Bog    Tmut/Pois      6%         N/A       100%        6
 Summon Small Mammal      Summ           Unusable   N/A       N/A         1
 Call Canine Familiar     Summ           Unusable   N/A       N/A         3
 Summon Forest            Summ/Tloc      Unusable   N/A       N/A         5
 Summon Hydra             Summ           Unusable   N/A       N/A         7

Inventory:

Hand Weapons
 l - a +1 falchion of freezing (weapon)
   (You found it on level 2 of the Dungeon)
Missiles
 c - 115 stones
 f - 6 atropa-tipped darts
 k - 8 poisoned darts
 n - 5 boomerangs
 t - 5 curare-tipped darts {=f}
 w - 2 javelins
Armour
 B - +1 steam dragon scales (worn)
   (You found it on level 7 of the Dungeon)
Jewellery
 C - a ring of ice
   (You found it on level 6 of the Dungeon)
 S - a +6 ring of strength (left hand)
   (You found it on level 2 of the Dungeon)
Wands
 i - a wand of iceblast (9)
   (You found it on level 2 of the Dungeon)
 p - a wand of digging (13)
   (You found it on level 8 of the Dungeon)
 y - a wand of flame (7)
   (You found it on level 12 of the Dungeon)
 E - a wand of mindburst (7)
   (You found it on level 10 of the Dungeon)
 J - a wand of polymorph (5)
   (You found it on level 12 of the Dungeon)
Scrolls
 a - a scroll of blinking {!r}
 d - 5 scrolls of teleportation {@r4}
 g - a scroll of immolation {!r!r}
 o - 2 scrolls of poison {!r}
 r - 2 scrolls of brand weapon
 u - 4 scrolls of enchant weapon
 x - 2 scrolls of vulnerability {!r!r}
 D - 3 scrolls of fog
 F - a scroll of silence {!r}
 G - a scroll of torment {!r}
 L - a scroll of enchant armour
Potions
 b - 6 potions of magic
 e - 5 potions of degeneration {unknown}
 h - 4 potions of resistance
 j - a potion of heal wounds {@q2}
 m - 3 potions of curing {@q1}
 q - 2 potions of brilliance {unknown}
 s - 2 potions of mutation {!q}
 v - a potion of cancellation
 z - 2 potions of invisibility {unknown}
 A - 2 potions of lignification {!q}
 H - a potion of ambrosia
 I - 3 potions of berserk rage {unknown}
 K - a potion of might {unknown}

Dungeon Overview and Level Annotations

Branches:
Dungeon (12/15) Zot: 25314  Temple (1/1) D:4 Zot: 5838    Lair (0/5) D:11
    Orc (0/2) D:10

Altars:
Ashenzari
Cheibriados
Dithmenos
Elyvilon
Gozag
Kikubaaqudgha
Makhleb
Nemelex Xobeh
Okawaru
Qazlal
Ru
Sif Muna
Trog
Uskayaw
Vehumet
Wu Jian
Xom
Zin
The Shining One

Shops:
D:3 ?   D:8 (   D:10 *

Annotations:
D:5 Edmund, Eustachio
D:9 exclusion: manticore
D:12 Rupert

.........# #.#
.........# #.#
.........# #.#
.........# ###.#
.........# #...#
.........# #.###
.........# ##.#
.).......# #@.#
.######### #@## ..###
##.####### #...#
###........# ###.#####
##..........# .>......#
##..#........# ........#
#..##........#
....>...###.###>.......#
........##..# #........#
...........## #........#


You could see Rupert (berserk).


Message History

😎 MP[-3]
You lost 3 mp, and now have 15/27 mp.
Casting: Inner Flame (safe; 1% risk of failure)
Confirm with . or Enter, or press ? or * to list all spells.
You conjure some foxfire!
You are engulfed in volatile sparks.
You are engulfed in volatile sparks.
The foxfire hits Rupert! 😎 MP[-1]
You lost 1 mp, and now have 14/27 mp.
Casting: Foxfire (safe; 1% risk of failure)
Confirm with . or Enter, or press ? or * to list all spells.
Aiming: Inner Flame (safe; 1% risk of failure)
Press: ? - help, Dir - move target, f/p - Rupert
Aim: Rupert, wielding a +4 vorpal battleaxe and wearing a +0 scale mail (lightly wounded, paralysed, ally target, chance to affect: 32%) Rupert easily resists.
You are engulfed in volatile sparks.
The foxfire hits Rupert. 😎 MP[-2]
You lost 2 mp, and now have 12/27 mp.
Casting: Inner Flame (safe; 1% risk of failure)
Confirm with . or Enter, or press ? or * to list all spells.
You conjure some foxfire!
You are engulfed in volatile sparks.
You are engulfed in volatile sparks.
The foxfire hits Rupert. 😎 MP[-1]
You lost 1 mp, and now have 11/27 mp.
Casting: Foxfire (safe; 1% risk of failure)
Confirm with . or Enter, or press ? or * to list all spells.
You conjure some foxfire!
You are engulfed in volatile sparks.
The foxfire hits Rupert but does no damage.
You are engulfed in volatile sparks.
The foxfire hits Rupert but does no damage. 😎 MP[-1]
You lost 1 mp, and now have 10/27 mp.
Casting: Foxfire (safe; 1% risk of failure)
Confirm with . or Enter, or press ? or * to list all spells.
You conjure some foxfire!
You are engulfed in volatile sparks.
The foxfire hits Rupert.
You are engulfed in volatile sparks.
The foxfire hits Rupert but does no damage.
Casting: Foxfire (safe; 1% risk of failure)
Confirm with . or Enter, or press ? or * to list all spells.
You conjure some foxfire!
You are engulfed in volatile sparks.
The foxfire hits Rupert.
You are engulfed in volatile sparks.
The foxfire hits Rupert. 😎 MP[-1]
You lost 1 mp, and now have 9/27 mp.
Unknown command.
Casting: Foxfire (safe; 1% risk of failure)
Confirm with . or Enter, or press ? or * to list all spells.
You conjure some foxfire!
You are engulfed in volatile sparks.
The foxfire hits Rupert.
You are engulfed in volatile sparks.
The foxfire hits Rupert.
Casting: Foxfire (safe; 1% risk of failure)
Confirm with . or Enter, or press ? or * to list all spells.
You conjure some foxfire!
You are engulfed in volatile sparks.
The foxfire hits Rupert.
You are engulfed in volatile sparks.
Rupert is no longer paralysed.
The foxfire hits Rupert. x2 😎 MP[-1]
You lost 1 mp, and now have 8/27 mp.
Casting: Foxfire (safe; 1% risk of failure)
Confirm with . or Enter, or press ? or * to list all spells.
You conjure some foxfire!
You are engulfed in volatile sparks.
You are engulfed in volatile sparks.
The foxfire hits Rupert but does no damage.
The foxfire hits Rupert. 😎 MP[-1]
You lost 1 mp, and now have 7/27 mp.
Casting: Foxfire (safe; 1% risk of failure)
Confirm with . or Enter, or press ? or * to list all spells.
Aiming: Inner Flame (safe; 1% risk of failure)
Press: ? - help, Dir - move target, f/p - Rupert
Aim: Rupert, wielding a +4 vorpal battleaxe and wearing a +0 scale mail (moderately wounded, chance to affect: 32%) Rupert easily resists.
You are engulfed in volatile sparks.
Rupert roars wildly at you.
You are confused. 😎 MP[-2]
You lost 2 mp, and now have 5/27 mp.
You're too confused to cast spells.
You're too confused to cast spells.
You feel better.
You are engulfed in volatile sparks.
Rupert looks excited.
Rupert roars wildly at you.
You are confused.
Unknown command.
You are too confused!
You feel better.
You are engulfed in volatile sparks.
Okay, then.
Rupert roars madly and goes into a rage!
Rupert goes berserk!
As you read the scroll of teleportation {@r4}, it crumbles to dust.
You feel strangely unstable. 😎 MP[+1] Rupert hits you with a +4 vorpal battleaxe!!
* * * LOW HITPOINT WARNING * * *
😨 HP[-33]
You take 33 damage, and now have 31/64 hp.
MASSIVE DAMAGE!! (PAUSE) Rupert hits you with a +4 vorpal battleaxe!!!
You feel threatened and lose the ability to drink potions!
Ouch! That really hurt!
You die...

Skill      XL: |  1  2  3  4  5  6  7  8  9 10 11 |
---------------+----------------------------------+-----
Conjurations   | 2 3 4 5 6 7 9 10 12 | 12.0
Fire Magic     | 4 5 6 8 10 11 12 | 12.3
Spellcasting   | 4 5 7 8 9 10 | 10.5
Fighting       | 1 2 3 4 5 6 |  6.0
Dodging        | |  2.4
Stealth        | |  2.4

Action                   |  1- 3 |  4- 6 |  7- 9 | 10-12 || total
-------------------------+-------+-------+-------+-------++-------
Melee: Unarmed           |     1 |       |       |       ||     1
       Falchion          |       |     2 |       |     2 ||     4
 Cast: Foxfire           |    72 |    84 |   102 |    59 ||   317
       Scorch            |     2 |    52 |    59 |    53 ||   166
       Kindle Blastspark |       |     1 |     6 |    24 ||    31
       Flame Wave        |       |       |       |    19 ||    19
       Inner Flame       |       |       |       |     5 ||     5
Invok: Sacrifice Drink   |       |       |     1 |       ||     1
       Sacrifice Love    |       |       |       |     1 ||     1
Evoke: Wand              |       |       |     1 |       ||     1
  Use: Scroll            |     2 |     9 |     6 |     6 ||    23
       Potion            |       |       |     1 |     4 ||     5
Armor: Robe              |     4 |     8 |     5 |       ||    17
       Steam dragon scal |       |       |    11 |    18 ||    29
Dodge: Dodged            |    21 |    26 |    55 |    59 ||   161

Levels and vault maps discovered:
D:1:      wheals_arrival_linesprint, layout_basic,
          shapermc_ecumenical_altar_mp_ritualfount
D:2:      layout_basic, basic_altar, minmay_fractal_squares_5
D:3:      layout_basic, gammafunk_temple_overflow_elements, serial_shops, shop
D:4:      layout_loops_ring, mainiacjoe_overflow_big_doors,
          minmay_temple_entry_statues
D:5:      layout_basic, uniq_eustachio, uniq_edmund, uniq_ijyb
D:6:      layout_rooms, mainiacjoe_overflow_six_doors_small
D:7:      layout_gridville, kennysheep_opposing_triangles
D:8:      layout_loops_cross, serial_shops, shop, uniq_pikel
D:9:      statuecave_lemuel, layout_loops_ring, mainiacjoe_overflow_brackets
D:10:     kennysheep_spiral_hall, layout_gridville, orc_0_dummy, serial_shops,
          nicolae_diamond_shop, enter_bailey_2
D:11:     layout_roguey, david_lair_shrubbed
D:12:     layout_roguey, nrook_guardian_serpent_double, uniq_rupert
Temple:   regret_index_temple_sphere_string

Notes
Turn   | Place    | Note
-------+----------+-------------------------------------------
     0 | D:1      | kae the Deep Elf Fire Elementalist began the quest for the
                  | Orb.
     0 | D:1      | Reached XP level 1. HP: 10/10 MP: 6/6
     0 | D:1      | magus.rc [v1.11.3]
   196 | D:1      | Reached XP level 2. HP: 15/15 MP: 5/8
   487 | D:1      | Reached skill level 2 in Conjurations
   740 | D:1      | Learned a level 2 spell: Scorch
   744 | D:1      | Reached XP level 3. HP: 12/19 MP: 5/9
   748 | D:1      | Learned a level 3 spell: Inner Flame
   862 | D:1      | You pick up a book of Necromancy and begin reading...
   862 | D:1      | You add the spells Necrotise, Vampiric Draining and Agony
                  | to your library.
   863 | D:1      | Found a faded altar of an unknown god.
  1010 | D:1      | Reached skill level 4 in Fire Magic
  1589 | D:2      | Reached XP level 4. HP: 24/24 MP: 3/11
  1660 | D:2      | You pick up a book of Cantrips and begin reading...
  1660 | D:2      | You add the spells Summon Small Mammal and Apportation to
                  | your library.
  1875 | D:2      | Found a burning altar of Makhleb.
  1972 | D:2      | Learned a level 3 spell: Kindle Blastsparks
  2034 | D:2      | Reached skill level 3 in Conjurations
  2163 | D:2      | You add the spells Ignite Poison, Mephitic Cloud and
                  | Freezing Cloud to your library.
  2221 | D:2      | Identified the +7 falchion of Raluck {protect, Dex+4}
  2875 | D:3      | Found Xenef's Magic Scroll Boutique.
  2891 | D:3      | Bought a scroll of identify for 28 gold pieces
  2891 | D:3      | Bought a scroll of blinking for 105 gold pieces
  2918 | D:3      | Reached skill level 4 in Spellcasting
  3057 | D:3      | Found a glowing silver altar of Zin.
  3057 | D:3      | Found a basalt altar of Yredelemnul.
  3591 | D:4      | Found a staircase to the Ecumenical Temple.
  3592 | D:4      | Upgraded the game from 0.30-a0-121-gb27577e5d9 to
                  | 0.30-a0-122-g2a1322497e
  3592 | D:4      | magus.rc [v1.11.3]
  3600 | Temple   | Entered the Ecumenical Temple
  3751 | Temple   | Became a worshipper of Ru the Awakened
  3783 | D:4      | Reached XP level 5. HP: 28/28 MP: 10/13
  3896 | D:4      | Found a shimmering blue altar of Sif Muna.
  3910 | D:4      | Found an iron altar of Okawaru.
  4226 | D:4      | Reached skill level 5 in Fire Magic
  4612 | D:4      | Reached skill level 4 in Conjurations
  4634 | D:5      | Entered Level 5 of the Dungeon
  4867 | D:5      | Reached XP level 6. HP: 33/33 MP: 7/14
  5011 | D:5      | Reached skill level 1 in Fighting
  5317 | D:5      | Noticed Ijyb
  5326 | D:5      | Killed Ijyb
  5327 | D:5      | Reached skill level 5 in Spellcasting
  5459 | D:5      | Noticed Edmund
  5515 | D:5      | Reached skill level 5 in Conjurations
  5515 | D:5      | Reached XP level 7. HP: 37/38 MP: 12/16
  5522 | D:5      | Reached skill level 6 in Fire Magic
  5570 | D:5      | Noticed Eustachio
  5712 | D:5      | Gained mutation: You occasionally lose the ability to drink
                  | potions when taking damage. [Ru sacrifice]
  5712 | D:5      | Gained mutation: You sometimes lose the ability to drink
                  | potions when taking damage. [Ru sacrifice]
  5712 | D:5      | Reached * piety under Ru
  6227 | D:6      | Reached skill level 2 in Fighting
  6243 | D:6      | Reached skill level 6 in Conjurations
  6269 | D:6      | Reached XP level 8. HP: 20/44 MP: 5/18
  6471 | D:6      | Reached skill level 6 in Spellcasting
  6471 | D:6      | Reached skill level 7 in Fire Magic
  6569 | D:6      | Found an opulent altar of Gozag.
  6701 | D:6      | Reached skill level 7 in Conjurations
  6763 | D:6      | Noticed a two-headed ogre
  6778 | D:6      | Killed a two-headed ogre
  6779 | D:6      | Reached skill level 3 in Fighting
  6779 | D:6      | Reached skill level 7 in Spellcasting
  6779 | D:6      | Reached skill level 8 in Fire Magic
  6779 | D:6      | Reached XP level 9. HP: 32/51 MP: 9/21
  7403 | D:7      | HP: 5/51 [centaur/arrow (12)]
  7734 | D:6      | HP: 10/51 [poisoned by a killer bee]
  7957 | D:6      | Reached skill level 8 in Conjurations
  7958 | D:6      | magus.rc [v1.11.3]
  8357 | D:7      | Reached skill level 9 in Fire Magic
  8817 | D:7      | Reached skill level 4 in Fighting
  8910 | D:7      | HP: 12/52 [something (3)]
  8912 | D:7      | Reached skill level 8 in Spellcasting
  9299 | D:7      | HP: 11/52 [steam dragon (4)]
  9747 | D:8      | Identified the +2 helmet of a treasure trove {rF+}
  9769 | D:8      | You add the spells Summon Forest, Eringya's Noxious Bog and
                  | Summon Hydra to your library.
  9832 | D:8      | Reached skill level 9 in Conjurations
 10219 | D:8      | Found Taerav's Weapon Shop.
 10310 | D:8      | HP: 9/49 [wight/+5 flail of freezing (19)]
 10611 | D:8      | You pick up a book of Displacement and begin reading...
 10611 | D:8      | You add the spells Lesser Beckoning, Gell's Gravitas and
                  | Teleport Other to your library.
 10967 | D:8      | Noticed Pikel
 10975 | D:8      | Killed Pikel
 10976 | D:8      | Reached skill level 10 in Fire Magic
 10976 | D:8      | Reached XP level 10. HP: 52/58 MP: 17/24
 11203 | D:9      | Learned a level 4 spell: Flame Wave
 11207 | D:9      | Learned a level 3 spell: Mephitic Cloud
 11211 | D:9      | Learned a level 3 spell: Ignite Poison
 11370 | D:9      | You pick up a book of Necromancy and begin reading...
 11392 | D:9      | Noticed a manticore
 11488 | D:9      | HP: 13/58 [manticore (6)]
 11489 | D:9      | Killed a manticore
 11938 | D:9      | Found a shimmering altar of Xom.
 12118 | D:9      | Reached skill level 10 in Conjurations
 12177 | D:9      | Reached skill level 9 in Spellcasting
 13048 | D:10     | Entered Level 10 of the Dungeon
 13090 | D:10     | Noticed a two-headed ogre
 13106 | D:10     | Killed a two-headed ogre
 13107 | D:10     | Reached skill level 5 in Fighting
 13107 | D:10     | Reached skill level 11 in Fire Magic
 13143 | D:10     | HP: 6/59 [komodo dragon (17)]
 13188 | D:10     | HP: 11/59 [komodo dragon (25)]
 14186 | D:10     | Found Xihug Wemm's General Store.
 14285 | D:10     | Reached XP level 11. HP: 51/64 MP: 17/26
 14350 | D:10     | Found a staircase to the Orcish Mines.
 14426 | D:10     | You pick up a book of the Hunter and begin reading...
 14426 | D:10     | You add the spells Call Canine Familiar, Portal Projectile
                  | and Leda's Liquefaction to your library.
 14500 | D:10     | Identified the +6 spear "Laolao Ruyg" {vorpal, rF+++ Str+3
                  | Dex+4 Stlth-}
 14561 | D:10     | Reached skill level 11 in Conjurations
 14619 | D:10     | Gained mutation: You are hated by all. [Ru sacrifice]
 14619 | D:10     | Reached ** piety under Ru
 14619 | D:10     | Reached *** piety under Ru
 15151 | D:11     | Found a staircase to the Lair.
 15223 | D:11     | Noticed a two-headed ogre
 15232 | D:11     | HP: 15/64 [two-headed ogre/+0 giant club (18)]
 15234 | D:11     | Killed a two-headed ogre
 15235 | D:11     | Reached skill level 10 in Spellcasting
 15911 | D:12     | Noticed a brown ugly thing
 15916 | D:12     | Killed a brown ugly thing
 16362 | D:12     | HP: 16/64 [centaur/arrow (1)]
 16363 | D:12     | Reached skill level 12 in Fire Magic
 16766 | D:12     | Noticed a purple ugly thing
 16785 | D:12     | Killed a purple ugly thing
 17090 | D:12     | HP: 12/64 [gargoyle/stone arrow (11)]
 17382 | D:12     | Noticed a deep elf pyromancer
 17395 | D:12     | Killed a deep elf pyromancer
 17396 | D:12     | Reached skill level 6 in Fighting
 17396 | D:12     | Reached skill level 12 in Conjurations
 17539 | D:12     | Noticed Rupert
 17540 | D:12     | Paralysed by Rupert for 4 turns
 17550 | D:12     | Paralysed by Rupert for 3 turns
 17556 | D:12     | Paralysed by Rupert for 3 turns
 17593 | D:12     | Demolished by Rupert

Vanquished Creatures
  3 two-headed ogres
  Pikel (D:8)
  A deep elf pyromancer (D:12)
  2 ugly things (D:12)
  A manticore (D:9)
  2 gargoyles
  A guardian serpent (D:12)
  An unseen horror (D:10)
  A kobold demonologist (D:12)
  3 komodo dragons
  A shadow (D:11)
  A wyvern (D:10)
  2 wraiths
  6 yaks (D:9)
  2 steam dragons (D:7)
  2 vampire mosquitoes (D:11)
  2 water moccasins
  3 ice beasts
  2 orc warriors
  A black bear (D:7)
  2 sky beasts (D:7)
  5 ogres
  7 centaurs
  2 lemures (D:8)
  4 bullfrogs
  2 necrophages
  A gnoll sergeant (D:5)
  3 scorpions
  9 wights
  14 killer bees
  An electric eel (D:9)
  4 howler monkeys
  An orc priest (D:11)
  A gnoll bouda (D:10)
  A hound (D:7)
  5 jellies
  Ijyb (D:5)
  6 iguanas
  4 orc wizards
  6 gnolls
  7 adders
  A white imp (D:3)
  4 worms (D:2)
  3 dart slugs
  18 orcs
  6 endoplasms
  6 giant cockroaches
  7 goblins
  9 hobgoblins
  14 jackals
  9 kobolds
  5 quokkas
  10 ball pythons
  3 bats
  4 frilled lizards
  3 rats
226 creatures vanquished.

Vanquished Creatures (collateral kills)
  A foxfire (D:1)
1 creature vanquished.

Vanquished Creatures (others)
  539 foxfires
  3 plants (D:11)
542 creatures vanquished.

Grand Total: 769 creatures vanquished

Table legend:
 A = Non-vault XP
 B = Vault XP
 C = Vault XP percentage of total XP
 D = Non-vault monster count
 E = Vault monster count
 F = Vault count percentage of total count
                 A         B        C        D         E       F
            +---------+---------+-------+---------+---------+-------
      Total |   14097 |    3580 |  20.3 |     209 |      15 |   6.7
            +---------+---------+-------+---------+---------+-------
        D:1 |      58 |       0 |   0.0 |      26 |       0 |   0.0
        D:2 |      70 |       8 |  10.3 |      32 |       3 |   8.6
        D:3 |      58 |       0 |   0.0 |      18 |       0 |   0.0
        D:4 |     115 |       0 |   0.0 |      21 |       0 |   0.0
        D:5 |     751 |      35 |   4.5 |      17 |       1 |   5.6
        D:6 |    2346 |       0 |   0.0 |      21 |       0 |   0.0
        D:7 |     774 |     491 |  38.8 |       9 |       4 |  30.8
        D:8 |     892 |     629 |  41.4 |      14 |       1 |   6.7
        D:9 |    2341 |       0 |   0.0 |      14 |       0 |   0.0
       D:10 |     998 |    1624 |  61.9 |      14 |       4 |  22.2
       D:11 |    2249 |     372 |  14.2 |      11 |       1 |   8.3
       D:12 |    3445 |     421 |  10.9 |      12 |       1 |   7.7
            +---------+---------+-------+---------+---------+-------

Illustrated notes

Table legend:
 A = Kills in this place as a percentage of kills in entire the game.
 B = Kills by you in this place as a percentage of kills by you in the entire game.
 C = Kills by friends in this place as a percentage of kills by friends in the entire game.
 D = Other kills in this place as a percentage of other kills in the entire game.
 E = Experience gained in this place as a percentage of experience gained in the entire game.
 F = Experience gained in this place divided by the number of levels of this place that you have seen.
                   A       B       C       D       E      F
               +-------+-------+-------+-------+-------+----------------------
         Total | 100.0 | 100.0 |   N/A |   N/A | 100.0 | 1359.8
       Dungeon | 100.0 | 100.0 |   N/A |   N/A | 100.0 | 1473.1
               +-------+-------+-------+-------+-------+----------------------

Table legend: (Time is in decaauts)
 A = Elapsed time spent in this place.
 B = Non-inter-level travel time spent in this place.
 C = Inter-level travel time spent in this place.
 D = Time resting spent in this place.
 E = Time spent auto-exploring this place.
 F = Levels seen in this place.
 G = Mean time per level.
                   A        B        C        D        E       F      G
               +--------+--------+--------+--------+--------+-----+--------+
         Total |  17608 |  17243 |    365 |   1119 |  14282 |  13 | 1354.5 |
       Dungeon |  17446 |  17110 |    336 |   1119 |  14164 |  12 | 1453.8 |
        Temple |    161 |    133 |     28 |      0 |    118 |   1 |  161.0 |
               +--------+--------+--------+--------+--------+-----+--------+

Top non-repeatable levels by time:
    D:11: 1941 daAuts
     D:6: 1934 daAuts
     D:9: 1887 daAuts
     D:5: 1572 daAuts
     D:8: 1567 daAuts
    D:10: 1554 daAuts
     D:7: 1492 daAuts
     D:1: 1354 daAuts
     D:2: 1185 daAuts
     D:3: 1026 daAuts
    D:12: 1025 daAuts
     D:4: 905 daAuts
  Temple: 161 daAuts
